| TOP OF THE 1ST |
|
Portland Angels batting - Pitching for Amarillo ThunderHeads : RHP Shane Ford
|
|
Pitching: RHP Shane Ford
|
|
|
Batting: RHB Jose Garduno
|
0-0: Called Strike 0-1: Ball 1-1: Foul Ball, location: 2F 1-2: Ball 2-2: Ground out 5-3 (Groundball, 56S, EV 88.1 MPH)
|
|
Batting: LHB Miguel Hernandez
|
0-0: Called Strike 0-1: Ball 1-1: Ground out 4-3 (Groundball, 4, EV 81.2 MPH)
|
|
Batting: RHB Alex Rosaly
|
0-0: Ball 1-0: Ball 2-0: Ball 3-0: Base on Balls
|
|
Batting: RHB Mario Martinez
|
0-0: Ball 1-0: Ball 2-0: Called Strike 2-1: Called Strike 2-2: SINGLE (Groundball, 34D, EV 98.1 MPH) Alex Rosaly to second Runner from 2nd tries for 3rd, SAFE, throw by RF made to third
|
|
Batting: RHB Jayden Hollaway
|
0-0: Ball 1-0: Ball 2-0: Foul Ball, location: 2F 2-1: Swinging Strike 2-2: Strikes out swinging
|
| Top of the 1st over - 0 runs, 1 hit, 0 errors, 2 left on base; Portland 0 - Amarillo 0 |
| BOTTOM OF THE 1ST |
|
Amarillo ThunderHeads batting - Pitching for Portland Angels : RHP Steffan Sellevold
|
|
Pitching: RHP Steffan Sellevold
|
|
|
Batting: LHB Carlos Guajardo
|
0-0: Called Strike 0-1: Foul Ball, location: 2F 0-2: Ball 1-2: Ball 2-2: Ball 3-2: Foul Ball, location: 2F 3-2: DOUBLE (Flyball, 8RXD, EV 105.6 MPH) - OUT at third base trying to stretch hit.
|
|
Batting: LHB Mike Gruszewski
|
0-0: Swinging Strike 0-1: Swinging Strike 0-2: Ball 1-2: Ball 2-2: Ball 3-2: Strikes out looking
|
|
Batting: RHB Bill Flannery
|
0-0: Called Strike 0-1: Reached on error, E4 (Groundball, 34, EV 91.2 MPH)
|
|
Batting: LHB Tony Cisneros
|
0-0: Called Strike 0-1: Swinging Strike 0-2: Strikes out swinging, 2-3 out at first.
|
| Bottom of the 1st over - 0 runs, 1 hit, 1 error, 1 left on base; Portland 0 - Amarillo 0 |
| TOP OF THE 2ND |
|
Portland Angels batting - Pitching for Amarillo ThunderHeads : RHP Shane Ford
|
|
Batting: LHB John Harvey
|
0-0: Ball 1-0: SINGLE (Groundball, 4MD, EV 105.0 MPH)
|
|
Batting: RHB Bob Dewar
|
0-0: Called Strike 0-1: Swinging Strike 0-2: Strikes out swinging
|
|
Batting: RHB Ken Beck
|
0-0: Ball 1-0: Ball 2-0: Ball 3-0: Base on Balls John Harvey to second
|
|
Batting: LHB Matt Herndon
|
0-0: Ball 1-0: Foul Ball, location: 2F 1-1: Foul Ball, location: 2F 1-2: Strikes out swinging
|
|
Batting: RHB Jose Garduno
|
0-0: Ball 1-0: Called Strike 1-1: Fly out, F4 (Popup, 4, EV 64.4 MPH)
|
| Top of the 2nd over - 0 runs, 1 hit, 0 errors, 2 left on base; Portland 0 - Amarillo 0 |
| BOTTOM OF THE 2ND |
|
Amarillo ThunderHeads batting - Pitching for Portland Angels : RHP Steffan Sellevold
|
|
Batting: LHB Thie Hofmann
|
0-0: Ball 1-0: Ball 2-0: Ball 3-0: Base on Balls
|
|
Batting: RHB Jorge Balderama
|
0-0: Foul Ball, location: 2F 0-1: Swinging Strike 0-2: Ball 1-2: Ball 2-2: Ball 3-2: Foul Ball, location: 2F 3-2: Strikes out swinging
|
|
Batting: RHB Eddie Vanderjagt
|
0-0: Ball 1-0: Foul Ball, location: 2F 1-1: Swinging Strike 1-2: Ball 2-2: Strikes out swinging
|
|
Batting: LHB Bill Mahoney
|
0-0: Swinging Strike 0-1: Ball 1-1: Foul Ball, location: 2F 1-2: Strikes out looking
|
| Bottom of the 2nd over - 0 runs, 0 hits, 0 errors, 1 left on base; Portland 0 - Amarillo 0 |
| TOP OF THE 3RD |
|
Portland Angels batting - Pitching for Amarillo ThunderHeads : RHP Shane Ford
|
|
Batting: LHB Miguel Hernandez
|
0-0: Ball 1-0: Called Strike 1-1: Called Strike 1-2: Foul Ball, location: 2F 1-2: Ground out U3 (Groundball, 3L, EV 83.8 MPH)
|
|
Batting: RHB Alex Rosaly
|
0-0: Ball 1-0: Ball 2-0: Foul Ball, location: 2F 2-1: Ball 3-1: Foul Ball, location: 2F 3-2: Base on Balls
|
|
Batting: RHB Mario Martinez
|
0-0: Ball Pickoff Throw to First - Out! 1-3 1-0: Called Strike 1-1: Fly out, F8 (Line Drive, 8RM, EV 88.1 MPH)
|
| Top of the 3rd over - 0 runs, 0 hits, 0 errors, 0 left on base; Portland 0 - Amarillo 0 |
| BOTTOM OF THE 3RD |
|
Amarillo ThunderHeads batting - Pitching for Portland Angels : RHP Steffan Sellevold
|
|
Batting: RHB Dennis Underwood
|
0-0: Ball 1-0: Foul Ball, location: 2F 1-1: Swinging Strike 1-2: Ball 2-2: Foul Ball, location: 2F 2-2: Strikes out looking
|
|
Batting: LHB Carlos Guajardo
|
0-0: Foul Ball, location: 2F 0-1: Ball 1-1: SINGLE (Groundball, 3D, EV 110.0 MPH)
|
|
Batting: LHB Mike Gruszewski
|
0-0: Called Strike 0-1: Foul Ball, location: 2F 0-2: Strikes out looking
|
|
Batting: RHB Bill Flannery
|
0-0: Foul Ball, location: 2F 0-1: Ball Carlos Guajardo is caught stealing 2nd base 2-4
|
| Bottom of the 3rd over - 0 runs, 1 hit, 0 errors, 0 left on base; Portland 0 - Amarillo 0 |
| TOP OF THE 4TH |
|
Portland Angels batting - Pitching for Amarillo ThunderHeads : RHP Shane Ford
|
|
Batting: RHB Jayden Hollaway
|
0-0: Called Strike 0-1: Ball 1-1: Ball 2-1: Called Strike 2-2: Foul Ball, location: 2F 2-2: Ball 3-2: Foul Ball, location: 2F 3-2: Ground out 6-3 (Groundball, 6, EV 85.6 MPH)
|
|
Batting: LHB John Harvey
|
0-0: Ball 1-0: Called Strike 1-1: Ball 2-1: Ball 3-1: Swinging Strike 3-2: Ground out 4-3 (Groundball, 4, EV 83.1 MPH)
|
|
Batting: RHB Bob Dewar
|
0-0: SINGLE (Line Drive, 8RS, EV 92.5 MPH)
|
|
Batting: RHB Ken Beck
|
0-0: Called Strike 0-1: Ball 1-1: Ball 2-1: SINGLE (Flyball, 8LS, EV 88.1 MPH) Bob Dewar to second Runner from 2nd tries for 3rd, SAFE, throw by CF made to third
|
|
Batting: LHB Matt Herndon
|
0-0: Called Strike 0-1: Swinging Strike 0-2: Ball 1-2: Ground out 4-3 (Groundball, 4, EV 92.5 MPH)
|
| Top of the 4th over - 0 runs, 2 hits, 0 errors, 2 left on base; Portland 0 - Amarillo 0 |
| BOTTOM OF THE 4TH |
|
Amarillo ThunderHeads batting - Pitching for Portland Angels : RHP Steffan Sellevold
|
|
Batting: RHB Bill Flannery
|
0-0: Swinging Strike 0-1: Ground out 6-3 (Groundball, 6M, EV 106.9 MPH)
|
|
Batting: LHB Tony Cisneros
|
0-0: Ball 1-0: Ball 2-0: Ball 3-0: Base on Balls
|
|
Batting: LHB Thie Hofmann
|
0-0: Ball 1-0: Ball 2-0: Foul Ball, location: 2F 2-1: Ball 3-1: Base on Balls Tony Cisneros to second
|
|
Batting: RHB Jorge Balderama
|
0-0: Grounds into double play, 5-4-3 (Groundball, 56S, EV 92.5 MPH)
|
| Bottom of the 4th over - 0 runs, 0 hits, 0 errors, 1 left on base; Portland 0 - Amarillo 0 |
| TOP OF THE 5TH |
|
Portland Angels batting - Pitching for Amarillo ThunderHeads : RHP Shane Ford
|
|
Batting: RHB Jose Garduno
|
0-0: Ball 1-0: DOUBLE (Line Drive, 89D, EV 96.9 MPH)
|
|
Batting: LHB Miguel Hernandez
|
0-0: 2-RUN HOME RUN (Flyball, 7D, EV 96.2 MPH), Distance : 391 ft
|
|
Batting: RHB Alex Rosaly
|
0-0: Fly out, F9 (Flyball, 89S, EV 77.5 MPH)
|
|
Batting: RHB Mario Martinez
|
0-0: Ball 1-0: Foul Ball, location: 2F 1-1: Ball 2-1: Ball 3-1: Base on Balls
|
|
Pitching: RHP John Gerdes
|
|
|
Batting: RHB Jayden Hollaway
|
0-0: Called Strike 0-1: Foul Ball, location: 2F 0-2: Ball 1-2: Ball 2-2: Strikes out swinging
|
|
Batting: LHB John Harvey
|
0-0: Swinging Strike 0-1: Foul Ball, location: 2F 0-2: Ball 1-2: Ball 2-2: Strikes out swinging
|
| Top of the 5th over - 2 runs, 2 hits, 0 errors, 1 left on base; Portland 2 - Amarillo 0 |
| BOTTOM OF THE 5TH |
|
Amarillo ThunderHeads batting - Pitching for Portland Angels : RHP Steffan Sellevold
|
|
Batting: RHB Eddie Vanderjagt
|
0-0: Foul Ball, location: 2F 0-1: Fly out, F9 (Line Drive, 89M, EV 111.2 MPH)
|
|
Batting: LHB Bill Mahoney
|
0-0: Called Strike 0-1: Swinging Strike 0-2: Ball 1-2: Foul Ball, location: 2F 1-2: Foul Ball, location: 2F 1-2: Strikes out swinging
|
|
Batting: RHB Dennis Underwood
|
0-0: Fly out, F8 (Flyball, 8RXD, EV 101.9 MPH)
|
| Bottom of the 5th over - 0 runs, 0 hits, 0 errors, 0 left on base; Portland 2 - Amarillo 0 |
| TOP OF THE 6TH |
|
Portland Angels batting - Pitching for Amarillo ThunderHeads : RHP John Gerdes
|
|
Batting: RHB Bob Dewar
|
0-0: Foul Ball, location: 2F 0-1: Ball 1-1: Called Strike 1-2: Foul Ball, location: 2F 1-2: Ball 2-2: Strikes out swinging
|
|
Batting: RHB Ken Beck
|
0-0: Fly out, F9 (Flyball, 89M, EV 86.9 MPH)
|
|
Batting: LHB Matt Herndon
|
0-0: Called Strike 0-1: Ball 1-1: Foul Ball, location: 2F 1-2: Strikes out swinging
|
| Top of the 6th over - 0 runs, 0 hits, 0 errors, 0 left on base; Portland 2 - Amarillo 0 |
| BOTTOM OF THE 6TH |
|
Amarillo ThunderHeads batting - Pitching for Portland Angels : RHP Steffan Sellevold
|
|
Batting: LHB Carlos Guajardo
|
0-0: Called Strike 0-1: Foul Ball, location: 2F 0-2: Ball 1-2: Fly out, F8 (Flyball, 8LD, EV 101.2 MPH)
|
|
Pitching: RHP Austin Raymond
|
|
|
Batting: LHB Mike Gruszewski
|
0-0: Ball 1-0: Fly out, F4 (Popup, 4D, EV 53.1 MPH)
|
|
Batting: RHB Bill Flannery
|
0-0: Called Strike 0-1: Ball 1-1: Ball 2-1: Ball 3-1: Ground out 5-3 (Groundball, 56, EV 88.1 MPH)
|
| Bottom of the 6th over - 0 runs, 0 hits, 0 errors, 0 left on base; Portland 2 - Amarillo 0 |
| TOP OF THE 7TH |
|
Portland Angels batting - Pitching for Amarillo ThunderHeads : RHP John Gerdes
|
|
Batting: RHB Jose Garduno
|
0-0: Ball 1-0: Called Strike 1-1: Ground out 2-3 (Groundball, 2L, EV 76.9 MPH)
|
|
Batting: LHB Miguel Hernandez
|
0-0: Foul Ball, location: 2F 0-1: Foul Ball, location: 2F 0-2: Single, Error in OF, E9, batter to second base (Line Drive, 9LS, EV 105.0 MPH)
|
|
Batting: RHB Alex Rosaly
|
0-0: Intentional Walk
|
|
Batting: RHB Mario Martinez
|
0-0: Ball Miguel Hernandez is caught stealing 3rd base 2-5 Alex Rosaly to second 1-0: Swinging Strike 1-1: Foul Ball, location: 2F 1-2: Strikes out looking
|
| Top of the 7th over - 0 runs, 1 hit, 1 error, 1 left on base; Portland 2 - Amarillo 0 |
| BOTTOM OF THE 7TH |
|
Amarillo ThunderHeads batting - Pitching for Portland Angels : RHP Austin Raymond
|
|
Batting: LHB Tony Cisneros
|
0-0: Called Strike 0-1: Swinging Strike 0-2: Strikes out swinging
|
|
Pitching: LHP Frank Comerford
|
|
|
Batting: RHB Ray Travis
|
0-0: Called Strike 0-1: Ball 1-1: Foul Ball, location: 2F 1-2: Ball 2-2: Ball 3-2: Base on Balls
|
|
Pitching: RHP Marcell Luciano
|
|
|
Pinch Hitting: SHB Jose Ramirez
|
0-0: Ball 1-0: Swinging Strike 1-1: Foul Ball, location: 2F 1-2: Foul Ball, location: 2F 1-2: Ball 2-2: Grounds into double play, 4-6-3 (Groundball, 4, EV 98.8 MPH)
|
| Bottom of the 7th over - 0 runs, 0 hits, 0 errors, 0 left on base; Portland 2 - Amarillo 0 |
| TOP OF THE 8TH |
|
Portland Angels batting - Pitching for Amarillo ThunderHeads : RHP John Gerdes
|
|
Now in LF: Jose Ramirez
|
|
|
Batting: RHB Esteban Rangel
|
0-0: Called Strike 0-1: Ground out 4-3 (Groundball, 4, EV 86.9 MPH)
|
|
Batting: LHB John Harvey
|
0-0: Called Strike 0-1: SINGLE (Line Drive, 7S, EV 105.6 MPH)
|
|
Batting: RHB Bob Dewar
|
0-0: Ball John Harvey steals 2nd base 1-0: Intentional Walk
|
|
Pinch Hitting: LHB Jon Rahn
|
0-0: Ball 1-0: Ball 2-0: Called Strike 2-1: Grounds into double play, 6-4-3 (Groundball, 6, EV 105.6 MPH)
|
| Top of the 8th over - 0 runs, 1 hit, 0 errors, 1 left on base; Portland 2 - Amarillo 0 |
| BOTTOM OF THE 8TH |
|
Amarillo ThunderHeads batting - Pitching for Portland Angels : RHP Marcell Luciano
|
|
Now in LF: Lourens Aukema
|
|
|
Now in CF: Dan Contreras
|
|
|
Now in RF: Miguel Hernandez
|
|
|
Pinch Hitting: RHB Eric Camillo
|
0-0: Foul Ball, location: 2F 0-1: Foul Ball, location: 2F 0-2: Ball 1-2: Ball 2-2: Foul Ball, location: 2F 2-2: Ball 3-2: Fly out, F8 (Flyball, 8LD, EV 90.6 MPH)
|
|
Batting: LHB Bill Mahoney
|
0-0: Ball 1-0: Ball 2-0: Foul Ball, location: 2F 2-1: Ball 3-1: Base on Balls
|
|
Batting: RHB Dennis Underwood
|
0-0: Ball 1-0: Foul Ball, location: 2F 1-1: Foul Ball, location: 2F 1-2: Strikes out swinging
|
|
Batting: LHB Carlos Guajardo
|
0-0: Called Strike 0-1: Ball 1-1: Ball 2-1: Foul Ball, location: 2F 2-2: Foul Ball, location: 2F 2-2: Ball 3-2: Base on Balls Bill Mahoney to second
|
|
Batting: LHB Mike Gruszewski
|
0-0: Ball 1-0: Called Strike 1-1: Ball 2-1: Ball 3-1: Base on Balls Bill Mahoney to third Carlos Guajardo to second
|
|
Batting: RHB Bill Flannery
|
0-0: Ball 1-0: Called Strike 1-1: Swinging Strike 1-2: Ball 2-2: Ball 3-2: Ground out U3 (Groundball, 34S, EV 87.5 MPH)
|
| Bottom of the 8th over - 0 runs, 0 hits, 0 errors, 3 left on base; Portland 2 - Amarillo 0 |
| TOP OF THE 9TH |
|
Portland Angels batting - Pitching for Amarillo ThunderHeads : RHP John Gerdes
|
|
Pitching: RHP Al Nava
|
|
|
Now at 3B: Bill Flannery
|
|
|
Now at SS: Shi-fu Cuan
|
|
|
Batting: RHB Dan Contreras
|
0-0: Called Strike 0-1: Ball 1-1: Swinging Strike 1-2: Ball 2-2: Foul Ball, location: 2F 2-2: Ball 3-2: Foul Ball, location: 2F 3-2: Strikes out swinging
|
|
Batting: RHB Jose Garduno
|
0-0: Ball 1-0: Called Strike 1-1: Foul Ball, location: 2F 1-2: Strikes out swinging
|
|
Batting: LHB Miguel Hernandez
|
0-0: Ball 1-0: Called Strike 1-1: Swinging Strike 1-2: Strikes out swinging
|
| Top of the 9th over - 0 runs, 0 hits, 0 errors, 0 left on base; Portland 2 - Amarillo 0 |
| BOTTOM OF THE 9TH |
|
Amarillo ThunderHeads batting - Pitching for Portland Angels : RHP Marcell Luciano
|
|
Pitching: RHP Hector Agudelo
|
|
|
Batting: LHB Tony Cisneros
|
0-0: Ball 1-0: Ball 2-0: Ball 3-0: Called Strike 3-1: Swinging Strike 3-2: Base on Balls
|
|
Batting: RHB Ray Travis
|
0-0: Swinging Strike 0-1: Foul Ball, location: 2F 0-2: Ball Pickoff Throw to First - Out! 1-3 1-2: Ball 2-2: Foul Ball, location: 2F 2-2: Ball 3-2: Foul Ball, location: 2F 3-2: Strikes out swinging
|
|
Batting: SHB Jose Ramirez
|
0-0: Ball 1-0: Ball 2-0: Called Strike 2-1: Fly out, F7 (Flyball, 78M, EV 93.8 MPH)
|
| Bottom of the 9th over - 0 runs, 0 hits, 0 errors, 0 left on base; Portland 2 - Amarillo 0 |
|